 Dungeon Crawl Stone Soup version 0.27-a0-1525-g1038ab4fd7 (webtiles) character file.

Game seed: 10322719458459069133

139 gimp the Skirmisher (level 5, 0/66 HPs)
             Began as a Formicid Monk on July 11, 2021.
             Slain by a gnoll (4 damage)
             ... on level 4 of the Dungeon.
             The game lasted 00:04:43 (3181 turns).

gimp the Skirmisher (Formicid Monk)                 Turns: 3181, Time: 00:04:44

Health: 0/66       AC: 22    Str: 16    XL:     5   Next: 46%
Magic:  5/5        EV:  2    Int: 10    God:
Gold:   92         SH:  8    Dex: 13    Spells: 4/4 levels left

rFire    . . .     SeeInvis .   a - +0 hand axe
rCold    . . .     Faith    .   h - +0 kite shield
rNeg     + + +     Spirit   .   (armour currently unavailable)
rPois    +         Reflect  .   (helmet unavailable)
rElec    .         Harm     .   (cloak currently unavailable)
rCorr    .         Rampage  .   (gloves currently unavailable)
Will     .....                  (boots currently unavailable)
Stlth    ++........             (no amulet)
HPRegen  0.21/turn              (no ring)
MPRegen  0.09/turn              (no ring)

@: tree-form, attractive, very slightly contaminated, invisible
A: stationary, stasis, torment immunity, boosted hp, permanent stasis, dig
shafts and tunnels, (antennae 3), four strong arms
a: no special abilities


You were on level 4 of the Dungeon.
You were a tree.
You visited 1 branch of the dungeon, and saw 4 of its levels.

You collected 92 gold pieces.

Inventory:

Hand Weapons
 a - a +0 hand axe (weapon)
Armour
 c - a +2 pair of boots (melded)
 d - a +0 ring mail (melded)
 g - a +0 cloak (melded)
 h - a +0 kite shield (worn)
Wands
 j - a wand of flame (19)
Scrolls
 e - 3 scrolls of identify {unknown}
Potions
 b - a potion of invisibility


   Skills:
 - Level 5.0 Fighting
 * Level 3.9 Axes
 + Level 1.6 Armour
 - Level 2.6 Dodging
 - Level 2.4 Stealth
 + Level 1.3 Shields


You had 4 spell levels left.
You didn't know any spells.
Your spell library contained the following spells:

 Spells                   Type           Power      Damage    Failure   Level
 Ensorcelled Hibernation  Hex/Ice        0%         N/A       96%         2
 Dazzling Flash           Conj/Hex       0%         N/A       99%         3
 Spider Form              Tmut/Pois      0%         N/A       99%         3
 Iskenderun's Mystic Bla  Conj/Tloc      0%         2d3       100%        4
 Shadow Creatures         Summ           N/A        N/A       100%        6
 Starburst                Conj/Fire      0%         8x6d3     100%        6


Dungeon Overview and Level Annotations

Branches:
Dungeon (4/15)
 Temple: D:4-7

Altars:

Annotations:
D:3 3 runed translucent doors, Likado's ghost, amateur GnDe


Innate Abilities, Weirdness & Mutations

You are a tree.
Your roots penetrate the ground, keeping you stationary.
You cannot be teleported.
You are immune to unholy pain and torment.
Your maximum health is greatly increased.
Your equipment is partially melded.
You cannot be hasted, slowed, berserked, paralysed or teleported.
You can dig through walls and to a lower floor.
((You have a pair of large antennae on your head. (SInv)))
Your four strong arms can wield two-handed weapons with a shield.


Message History

Okay, then.
You hit the gnoll.
The gnoll is heavily wounded.
You hit the gnoll but do no damage. You block the gnoll's attack.
The gnoll completely misses you.
The gnoll shaman mumbles some strange prayers to its god against you.
You feel strangely conspicuous. The gnoll shaman is pulled toward you!
Okay, then.
Unknown command.
You closely miss the gnoll.
The gnoll is heavily wounded.
You barely miss the gnoll. The gnoll hits you but does no damage.
You block the gnoll's attack. The gnoll hits you but does no damage.
You hit the gnoll shaman but do no damage.
The gnoll shaman is heavily wounded.
You hit the gnoll.
The gnoll hits you but does no damage. x2
The gnoll shaman hits you but does no damage.
You closely miss the gnoll shaman.
The gnoll shaman is heavily wounded.
You hit the gnoll.
You are no longer glowing.
You block the gnoll's attack. x2
The gnoll shaman hits you but does no damage.
You hit the gnoll shaman but do no damage.
The gnoll shaman is heavily wounded.
You hit the gnoll. The gnoll hits you with a +0 flail.
* * * LOW HITPOINT WARNING * * *
The gnoll hits you but does no damage. You block the gnoll shaman's attack.
You block the gnoll's attack.
You take 2 damage, and have 3/66 hp.
You barely miss the gnoll shaman.
The gnoll shaman is heavily wounded.
You hit the gnoll.
You kill the gnoll!
You block the gnoll shaman's attack.
You hit the gnoll.
The gnoll is severely wounded.
You hit the gnoll shaman but do no damage.
The gnoll hits you with a +0 club.
You die...

#######...######.
#.........)......
###g..# #....##
#.#### #...#
###.. ###.# ...
#.#####g### #.#
#......g♣.# ##.##
#######.#.#
##...## #.#.#
##.....#####
#.#.#
#....>......
#.#.#
#......#####
#.#.# #.#...## #
#.#.# #.##.## #
#.#.# #.##.# ###
#.####.##.# #.<


You could see a gnoll shaman (wandering) and a gnoll (fast).

Vanquished Creatures
  Jessica (D:2)
  2 gnolls (D:4)
  5 adders
  A dart slug (D:1)
  6 orcs (D:3)
  A ball python (D:1)
  4 endoplasms
  A giant cockroach (D:1)
  3 goblins
  3 hobgoblins
  2 quokkas
  3 bats
  3 frilled lizards (D:3)
  5 kobolds
  5 rats
45 creatures vanquished.

Notes
Turn   | Place    | Note
-------+----------+-------------------------------------------
     0 | D:1      | gimp the Formicid Monk began the quest for the Orb.
     0 | D:1      | Reached XP level 1. HP: 18/18 MP: 1/1
   637 | D:1      | Reached XP level 2. HP: 25/25 MP: 2/2
   689 | D:1      | Reached skill level 4 in Fighting
  1090 | D:1      | Found a faded altar of an unknown god.
  1193 | D:1      | Reached XP level 3. HP: 31/31 MP: 3/3
  1589 | D:2      | Noticed Jessica
  1596 | D:2      | Killed Jessica
  1597 | D:2      | Reached skill level 5 in Fighting
  1597 | D:2      | Reached XP level 4. HP: 39/39 MP: 4/4
  2369 | D:2      | Reached skill level 1 in Armour
  2594 | D:3      | Reached XP level 5. HP: 39/44 MP: 5/5
  2671 | D:3      | Found a runed translucent gate.
  2671 | D:3      | Found a runed translucent gate.
  2671 | D:3      | Found a runed translucent gate.
  2753 | D:3      | Reached skill level 1 in Shields
  2822 | D:3      | Noticed Likado's ghost (amateur GnDe)
  3179 | D:4      | HP: 3/66 [gnoll (2)]
  3181 | D:4      | Slain by a gnoll

Illustrated notes

Levels and vault maps discovered:
D:1:      lightli_arrival_quake, layout_loops_corners, basic_ecumenical_altar,
          hangedman_decor_opposing
D:2:      layout_basic, uniq_jessica
D:3:      minmay_diamond_boxcup, layout_rooms, gammafunk_ghost_icy,
          minmay_misc_feat_tower
D:4:      layout_loops_ring, mainiacjoe_overflow_surrounded_room,
          ashenzari_altar_1, trog_ov_bears_minmay, nicolae_tso_besieged_by_evil,
          hangedman_decor_points, uniq_ijyb

Skill      XL: |  1  2  3  4  5 |
---------------+----------------+-----
Fighting       | 4 5 |  5.0
Armour         | 1 |  1.6
Shields        | 1 |  1.3
Axes           | |  3.9
Dodging        | |  2.6
Stealth        | |  2.4

Action                   |  1- 3 |  4- 6 || total
-------------------------+-------+-------++-------
Melee: Hand axe          |    69 |    87 ||   156
  Use: Potion            |       |     3 ||     3
 Stab: Sleeping          |     4 |     1 ||     5
Armor: Robe              |     3 |       ||     3
       Ring mail         |    24 |    35 ||    59
       Skin              |       |    10 ||    10
Dodge: Dodged            |    44 |    47 ||    91
Block: Kite shield       |       |    49 ||    49

Table legend: (Time is in decaauts)
 A = Elapsed time spent in this place.
 B = Non-inter-level travel time spent in this place.
 C = Inter-level travel time spent in this place.
 D = Time resting spent in this place.
 E = Time spent auto-exploring this place.
 F = Levels seen in this place.
 G = Mean time per level.
                   A        B        C        D        E       F      G
               +--------+--------+--------+--------+--------+-----+--------+
         Total |   3223 |   3131 |     92 |      0 |   2649 |   4 |  805.8 |
       Dungeon |   3223 |   3131 |     92 |      0 |   2649 |   4 |  805.8 |
               +--------+--------+--------+--------+--------+-----+--------+

Top non-repeatable levels by time:
     D:1: 1485 daAuts
     D:2: 987 daAuts
     D:3: 663 daAuts
     D:4: 87 daAuts
